 Dungeon Crawl Stone Soup version 0.30.0-29-ga12c61a403 (webtiles) character file.

Game seed: 3220878408979354236

24 cheesebisquit the Trooper (level 3, 0/33 HPs)
             Began as a Hill Orc Fighter on June 23, 2023.
             Slain by Terence
             ... wielding a +2 heavy mace
              (11 damage)
             ... on level 2 of the Dungeon.
             The game lasted 00:01:47 (732 turns).

cheesebisquit the Trooper (Hill Orc Fighter)         Turns: 732, Time: 00:01:47

Health: 0/33       AC:  8    Str: 20    XL:     3   Next: 2%
Magic:  3/3        EV:  9    Int:  8    God:
Gold:   46         SH:  4    Dex: 10    Spells: 2/2 levels left

rFire   . . .        a - +0 war axe
rCold   . . .        c - +0 buckler
rNeg    + . .        b - +0 scale mail
rPois   .            (no helmet)
rElec   .            (no cloak)
rCorr   .            h - +0 pair of gloves
SInv    .            (no boots)
Will    .....        (no amulet) Stlth
                     i - ring of positive energy
HPRegen 0.25/turn    (no ring)
MPRegen 0.08/turn

%: no passive effects
@: no status effects
A: no striking features
a: no special abilities


You were on level 2 of the Dungeon.
You visited 1 branch of the dungeon, and saw 2 of its levels.

You collected 46 gold pieces.

Inventory:

Hand Weapons
 a - a +0 war axe (weapon)
Armour
 b - a +0 scale mail (worn)
 c - a +0 buckler (worn)
 h - a +0 pair of gloves (worn)
Jewellery
 i - a ring of positive energy (left hand)
Scrolls
 e - 4 scrolls of identify {unknown}
 j - a scroll of magic mapping {unknown}
Potions
 d - a potion of might
 f - 3 potions of haste {unknown}
 g - a potion of attraction {unknown}


   Skills:
 + Level 4.0 Fighting
 * Level 3.7 Axes
 + Level 3.6 Armour
 - Level 3.2 Shields


You had 2 spell levels left.
You didn't know any spells.
Your spell library contained the following spells:

 Spells                   Type           Power      Damage    Failure   Level
 Foxfire                  Conj/Fire      0%         2x1d4     83%         1
 Sandblast                Erth           0%         2d4       83%         1
 Passwall                 Tmut/Erth      0%         N/A       93%         2
 Stone Arrow              Conj/Erth      0%         3d7       99%         3
 Fireball                 Conj/Fire      0%         3d3       100%        5
 Plasma Beam              Fire/Air       0%         2x1d11    100%        6
 Starburst                Conj/Fire      0%         6d3       100%        6


Dungeon Overview and Level Annotations

Branches:
Dungeon (2/15)

Altars:

Shops:
D:1 *

Annotations:
D:2 Terence


Message History

Terence shouts!
An adder comes into view.
The adder hisses angrily.
The dart slug launches a dart at you.
The slug dart hits you but does no damage.
Terence hits you with a +2 heavy mace.
You closely miss Terence. You hit the dart slug.
The dart slug launches a dart at you. The slug dart hits you.
Terence hits you with a +2 heavy mace!
You slash the dart slug!
You kill the dart slug!
You barely miss Terence. You block the adder's attack.
Terence barely misses you.
You have reached level 3!
Your experience leads to an increase in your attributes!
Increase (S)trength, (I)ntelligence, or (D)exterity?
You feel stronger. x2
You hit Terence.
Terence is moderately wounded.
You slash the adder! The adder barely misses you. The adder bites you.
You block Terence's attack.
You hit Terence but do no damage.
Terence is moderately wounded.
You barely miss the adder. The adder bites you but does no damage.
You hit Terence but do no damage.
Terence is moderately wounded.
You miss the adder. The adder bites you. Terence completely misses you.
The adder bites you but does no damage.
You completely miss Terence.
Terence is moderately wounded.
You hit the adder. You block the adder's attack. Terence closely misses you.
The adder closely misses you.
You hit Terence.
Terence is heavily wounded.
You miss the adder. The adder bites you but does no damage.
Terence hits you with a +2 heavy mace! The adder bites you but does no damage.
You hit Terence but do no damage.
Terence is heavily wounded.
You closely miss the adder. Terence hits you with a +2 heavy mace!
You die...

.#............#
.#..#################.##
.#........>..# #........
.#†####.####.# #........
.#.# #.####.# #........
.#.####...##.# #........
.............# #........
.#.........#.###.S......
.###P###P###....@@......
.#........ #..#.#####.##
.#.#.#.#P#.#.##.# .#.
P...P..#....# .# #.# #P#
#..... .# PP P. #.....
.# #...... [# #...... .#


You could see Terence and an adder.

Vanquished Creatures
  A dart slug (D:2)
  2 bats (D:1)
  2 endoplasms (D:1)
  A giant cockroach (D:1)
  3 goblins (D:1)
  5 hobgoblins (D:1)
  A kobold (D:1)
  2 quokkas (D:1)
  A ball python (D:1)
  A rat (D:2)
19 creatures vanquished.

Notes
Turn   | Place    | Note
-------+----------+-------------------------------------------
     0 | D:1      | cheesebisquit the Hill Orc Fighter began the quest for the
                  | Orb.
     0 | D:1      | Reached XP level 1. HP: 19/19 MP: 1/1
   161 | D:1      | Found Raowo's General Store.
   178 | D:1      | Reached XP level 2. HP: 26/27 MP: 2/2
   510 | D:1      | Reached skill level 4 in Fighting
   721 | D:2      | Noticed Terence
   727 | D:2      | Reached XP level 3. HP: 21/33 MP: 3/3
   732 | D:2      | Slain by Terence

Illustrated notes

Levels and vault maps discovered:
D:1:      scummos_arrival_forest, layout_rooms, serial_shops,
          nicolae_shop_advertising_works [nicolae_subvault_shop_adworks],
          st_stairs_9
D:2:      layout_basic, shapermc_ecumenical_altar_mp_urbaneastern, uniq_terence

Skill      XL: |  1  2 |
---------------+-------+-----
Axes           | 3 |  3.7
Fighting       | 4 |  4.0
Armour         | |  3.6
Shields        | |  3.2

Action                     || total
---------------------------++-------
  Melee: War axe           ||    52
 Armour: Scale mail        ||    25
  Dodge: Dodged            ||    30
  Block: Buckler           ||    10
